 Dungeon Crawl Stone Soup version 0.23.0 (webtiles) character file.

Game seed: 2438570160994145430

12483 swicky the Fighter (level 11, -5/104 HPs)
             Began as a Minotaur Berserker on Feb 13, 2019.
             Was a Priest of Trog.
             Slain by a seven-headed hydra (6 damage)
             ... on level 11 of the Dungeon.
             The game lasted 00:31:23 (9034 turns).

swicky the Fighter (Minotaur Berserker)             Turns: 9034, Time: 00:31:23

Health: -5/104     AC: 12    Str: 23    XL:     11   Next: 63%
Magic:  10/10      EV: 10    Int:  7    God:    Trog [***...]
Gold:   340        SH: 12    Dex: 12    Spells: 10/10 levels left

rFire    . . .     SeeInvis +   a - +0 hand axe
rCold    . . .     Gourm    .   H - +0 shield
rNeg     . . .     Faith    .   e - +0 scale mail
rPois    .         Spirit   .   O - +0 hat {SInv}
rElec    .         Reflect  .   g - +0 cloak
rCorr    .         Harm     .   (no gloves)
MR       +++..                  h - +0 pair of boots
Stlth    ..........             w - amulet of the acrobat
HPRegen  1.27/turn              o - ring of protection from magic
MPRegen  0.12/turn              G - +3 ring of intelligence

@: about to teleport, berserk cooldown, regenerating, slowed, very slow
A: retaliatory headbutt, horns 2
a: Berserk, Trog's Hand, Renounce Religion


You were on level 11 of the Dungeon.
You worshipped Trog.
Trog was most pleased with you.
You were very hungry.

You visited 1 branch of the dungeon, and saw 11 of its levels.

You collected 571 gold pieces.
You spent 231 gold pieces at shops.

Inventory:

Hand Weapons
 a - a +0 hand axe (weapon)
 I - a +3 halberd
Armour
 b - a +0 animal skin
 e - a +0 scale mail (worn)
 f - a +0 ring mail
 g - a +0 cloak (worn)
 h - a +0 pair of boots (worn)
 H - a +0 shield (worn)
 O - a +0 hat of see invisible (worn)
Jewellery
 l - an uncursed amulet of rage
 n - an uncursed ring of ice
 o - a ring of protection from magic (left hand)
 t - an uncursed amulet of harm {unknown}
 w - an amulet of the acrobat (around neck)
 D - an uncursed ring of magical power {unknown}
 G - a +3 ring of intelligence (right hand)
 Q - a +5 ring of strength {unknown}
Wands
 s - a wand of digging (5)
 y - a wand of flame (53)
 M - a wand of paralysis (7)
Scrolls
 d - 2 scrolls of identify
 i - 3 scrolls of teleportation
 m - 4 scrolls of amnesia
 p - 2 scrolls of enchant armour
 v - a scroll of fear {unknown}
 B - a scroll of noise {unknown}
 C - 7 scrolls of remove curse
 J - a scroll of summoning {unknown}
 K - 4 scrolls of magic mapping {unknown}
 L - a scroll of random uselessness {unknown}
 N - a scroll of blinking {unknown}
 R - a scroll of acquirement {unknown}
Potions
 j - a potion of might {unknown}
 k - 2 potions of haste
 q - 2 potions of berserk rage {unknown}
 r - 2 potions of flight
 u - 2 potions of ambrosia {unknown}
 x - 2 potions of agility
 z - a potion of degeneration {unknown}
 A - 2 potions of invisibility {unknown}
 E - 2 potions of mutation {unknown}
 F - a potion of lignification {unknown}
 P - 2 potions of curing
Comestibles
 c - 12 rations


   Skills:
 + Level 12.0 Fighting
 + Level 11.9 Axes
 + Level 11.6 Armour
 - Level 2.2 Dodging
 + Level 10.0 Shields


You had 10 spell levels left.
You didn't know any spells.
Your spell library was empty.

Dungeon Overview and Level Annotations

Branches:
Dungeon (11/15)            Temple (0/1) D:7
   Lair: D:8-11         Orc: D:9-12

Altars:
Qazlal
The Shining One

Shops:
D:5 *[?:


Innate Abilities, Weirdness & Mutations

You reflexively headbutt those who attack you in melee.
You have a pair of horns on your head.


Message History

* * * LOW HITPOINT WARNING * * *
The seven-headed hydra bites you!
* * * LOW HITPOINT WARNING * * *
The seven-headed hydra bites you but does no damage.
You block the seven-headed hydra's attack.
The seven-headed hydra barely misses you.
You block the seven-headed hydra's attack.
The seven-headed hydra barely misses you.
Okay, then.
Okay, then.
As you read the scroll of teleportation, it crumbles to dust.
You feel strangely unstable. The seven-headed hydra bites you.
* * * LOW HITPOINT WARNING * * *
You block the seven-headed hydra's attack.
The seven-headed hydra bites you but does no damage.
You block the seven-headed hydra's attack.
The seven-headed hydra bites you.
* * * LOW HITPOINT WARNING * * *
The seven-headed hydra bites you.
You die...

#.......#
#.......#
#.......#
#.......#
#.......#
#.......#
#.†.....##+##
#.†..@.......
#....D....n..
#............
#............
#............
#.........###
#######.........#
#...............#
#...............#


You could see a seven-headed hydra and a necrophage.

Vanquished Creatures
  Gastronok (D:9)
  Erolcha (D:9)
  Fannar (D:10)
  Erica (D:10)
  2 two-headed ogres
  Pikel (D:5)
  A wolf spider zombie (D:9)
  An ugly thing (D:11)
  A cyclops (D:9)
  Maurice (D:10)
  A gargoyle (D:10)
  2 hippogriffs
  A human (D:8)
  A wyvern (D:8)
  4 hogs (D:8)
  A hungry ghost (D:8)
  Duvessa (D:4)
  2 orc warriors
  An ice beast (D:11)
  A sky beast (D:9)
  2 slaves (D:5)
  3 phantoms
  3 ogres
  A necrophage (D:8)
  2 big kobolds
  7 bullfrogs
  A wyvern zombie (D:11)
  3 scorpions
  Dowan (D:4)
  6 killer bees (D:7)
  12 wights
  3 howler monkeys
  An electric eel (D:9)
  2 crimson imps
  A quasit (D:8)
  6 hounds
  A jelly (D:3)
  An orc priest (D:11)
  2 iguanas
  4 orc wizards
  2 killer bee zombies (D:8)
  10 worker ants
  A hound zombie (D:2)
  A gnoll (D:1)
  10 adders
  A howler monkey skeleton (D:10)
  3 shadow imps
  3 oozes
  2 adder zombies (D:5)
  6 worms
  5 dart slugs
  4 leopard geckos
  21 orcs
  4 ball pythons
  7 giant cockroaches
  11 goblins
  10 hobgoblins
  9 jackals
  22 kobolds
  4 quokkas
  8 bats
  5 frilled lizards
  A quokka skeleton (D:8)
  4 rats
242 creatures vanquished.

Notes
Turn   | Place    | Note
-------+----------+-------------------------------------------
     0 | D:1      | swicky the Minotaur Berserker began the quest for the Orb.
     0 | D:1      | Reached XP level 1. HP: 19/19 MP: 0/0
    30 | D:1      | Reached XP level 2. HP: 26/27 MP: 1/1
   166 | D:1      | Reached skill level 4 in Fighting
   195 | D:1      | Reached XP level 3. HP: 6/33 MP: 2/2
   662 | D:1      | Reached ** piety under Trog
  1137 | D:2      | Reached XP level 4. HP: 36/41 MP: 3/3
  1737 | D:3      | Reached XP level 5. HP: 24/47 MP: 4/4
  2088 | D:3      | Reached skill level 5 in Fighting
  2098 | D:3      | Reached skill level 5 in Axes
  2133 | D:3      | Found a stormy altar of Qazlal.
  2308 | D:3      | Reached *** piety under Trog
  2642 | D:4      | Noticed Duvessa
  2642 | D:4      | Noticed Dowan
  2649 | D:4      | Killed Dowan
  2651 | D:4      | Killed Duvessa
  2651 | D:4      | Reached skill level 5 in Armour
  2651 | D:4      | Reached XP level 6. HP: 57/57 MP: 5/5
  2708 | D:4      | Reached skill level 6 in Fighting
  2861 | D:4      | Reached XP level 7. HP: 60/63 MP: 6/6
  3083 | D:5      | Entered Level 5 of the Dungeon
  3102 | D:5      | You fall through a shaft!
  3511 | D:5      | Found Egywk's Armour Boutique.
  3608 | D:5      | Bought a +0 shield for 63 gold pieces
  3655 | D:5      | Reached skill level 7 in Fighting
  3655 | D:5      | Reached skill level 1 in Shields
  3681 | D:5      | Got a twisted mace
  3725 | D:5      | Found Bolumyer's Assorted Antiques.
  3736 | D:5      | Bought a scroll labeled ISYFRO DOFUSE for 24 gold pieces
  3736 | D:5      | Bought a scroll labeled ABIZEMENIKK for 24 gold pieces
  3793 | D:5      | Found Pesche Siemm's Magic Scroll Emporium.
  3801 | D:5      | Bought 3 scrolls of remove curse for 90 gold pieces
  3801 | D:5      | Bought a scroll of remove curse for 30 gold pieces
  3815 | D:5      | Found Vuitig's Book Shoppe.
  3941 | D:5      | Noticed Pikel
  3946 | D:5      | Reached XP level 8. HP: 73/73 MP: 7/7
  3959 | D:5      | Killed Pikel
  4105 | D:7      | Reached skill level 8 in Fighting
  4112 | D:7      | Reached **** piety under Trog
  4424 | D:7      | Reached XP level 9. HP: 74/82 MP: 8/8
  4478 | D:7      | Reached skill level 5 in Shields
  4521 | D:7      | Found a staircase to the Ecumenical Temple.
  4528 | D:7      | You fall through a shaft!
  4633 | D:8      | Reached skill level 9 in Fighting
  4816 | D:8      | Noticed a two-headed ogre
  4825 | D:8      | Killed a two-headed ogre
  5250 | D:8      | Found a glowing golden altar of the Shining One.
  5511 | D:8      | Reached XP level 10. HP: 93/93 MP: 9/9
  5805 | D:8      | Reached skill level 10 in Fighting
  5811 | D:8      | Reached skill level 10 in Axes
  6144 | D:9      | Noticed Erolcha
  6152 | D:9      | Noticed Gastronok
  6157 | D:9      | Reached skill level 10 in Armour
  6159 | D:9      | Killed Erolcha
  6175 | D:9      | Killed Gastronok
  6175 | D:9      | Reached skill level 11 in Fighting
  6175 | D:9      | Reached XP level 11. HP: 8/102 MP: 10/10
  6766 | D:9      | Noticed a two-headed ogre
  6778 | D:9      | Killed a two-headed ogre
  7122 | D:10     | Entered Level 10 of the Dungeon
  7135 | D:10     | Noticed Maurice
  7255 | D:10     | Killed Maurice
  7280 | D:10     | Noticed Erica
  7296 | D:10     | Killed Erica
  7547 | D:10     | Noticed Fannar
  7573 | D:10     | Killed Fannar
  8066 | D:7      | Found a glowing golden altar of the Shining One.
  9006 | D:11     | Noticed a purple ugly thing
  9018 | D:11     | Killed a purple ugly thing
  9022 | D:11     | Reached skill level 10 in Shields
  9023 | D:11     | Noticed a five-headed hydra
  9030 | D:11     | Reached skill level 12 in Fighting
  9033 | D:11     | HP: 2/104 [seven-headed hydra (8)]
  9034 | D:11     | Slain by a seven-headed hydra

Skill      XL: |  1  2  3  4  5  6  7  8  9 10 11 |
---------------+----------------------------------+-----
Fighting       | 4 5 6 7 8 9 11 12 | 12.0
Axes           | 4 5 6 7 8 9 11 | 11.9
Armour         | 3 4 5 6 7 9 10 11 | 11.6
Shields        | 1 4 6 8 10 | 10.0
Dodging        | |  2.2

Action                   |  1- 3 |  4- 6 |  7- 9 | 10-12 || total
-------------------------+-------+-------+-------+-------++-------
Melee: Hand axe          |    71 |   162 |   240 |   307 ||   780
       Headbutt          |    11 |    22 |    53 |    71 ||   157
Invok: Berserk           |     2 |     3 |    10 |    11 ||    26
       Trog's Hand       |       |     2 |     9 |    11 ||    22
  Use: Scroll            |     2 |       |     9 |     5 ||    16
       Potion            |       |       |     1 |     4 ||     5
  Eat: Chunk             |     3 |     9 |    17 |    13 ||    42
       Ration            |       |       |     1 |     4 ||     5
Armor: Animal skin       |     1 |       |       |       ||     1
       Scale mail        |    35 |    74 |    73 |    64 ||   246
Dodge: Dodged            |    37 |    95 |    90 |    86 ||   308
Block: Shield            |       |       |    91 |   129 ||   220
